 Dungeon Crawl Stone Soup version 0.31.0-12-g77e489cdc1 (webtiles) character file.

Game seed: 13355169285953554133

2 Curundu the Chopper (level 1, 0/18 HPs)
             Began as a Human Berserker on Feb 15, 2024.
             Was a Follower of Trog.
             Slain by a hobgoblin (3 damage)
             ... on level 1 of the Dungeon.
             The game lasted 00:00:14 (48 turns).

Curundu the Chopper (Human Berserker)                 Turns: 48, Time: 00:00:15

Health: 0/18       AC:  2    Str: 17    XL:     1   Next: 40%
Magic:  1/1        EV: 12    Int:  7    God:    Trog [*.....]
Gold:   26         SH:  0    Dex: 12    Spells: 0/0 levels left

rFire   . . .        a - +0 hand axe
rCold   . . .        (no shield)
rNeg    . . .        b - +0 animal skin
rPois   .            (no helmet)
rElec   .            (no cloak)
rCorr   .            (no gloves)
SInv    .            (no boots)
Will    .....        (no amulet)
Stlth   +            (no ring)
HPRegen 0.23/turn    (no ring)
MPRegen 0.07/turn

%: no passive effects
@: no status effects
A: explore regen
a: Renounce Religion, Berserk


You were on level 1 of the Dungeon.
You worshipped Trog.
Trog was aware of your devotion.
You visited 1 branch of the dungeon, and saw 1 of its levels.

You collected 26 gold pieces.

Inventory:

Hand Weapons
 a - a +0 hand axe (weapon)
Armour
 b - a +0 animal skin (worn)
Scrolls
 c - a scroll of identify {unknown}


   Skills:
 + Level 3.0 Fighting
 + Level 3.0 Axes
 + Level 2.0 Armour
 + Level 2.0 Dodging


You couldn't memorise any spells.
You didn't know any spells.
Your spell library was empty.

Dungeon Overview and Level Annotations

Branches:
Dungeon (1/15)

Altars:


Innate Abilities, Weirdness & Mutations

You regain HP and MP as you explore.


Message History

You now have 26 gold pieces (gained 10).
Found a robe.
A hobgoblin and a frilled lizard come into view.
The hobgoblin shouts!
The frilled lizard hisses angrily.
Found a stone staircase leading down.
The hobgoblin hits you.
A ball python comes into view.
You completely miss the hobgoblin.
The hobgoblin hits you but does no damage.
You closely miss the hobgoblin. The hobgoblin barely misses you.
The hobgoblin misses you.
You closely miss the hobgoblin.
You hit the ball python but do no damage.
You closely miss the frilled lizard. The ball python barely misses you.
The ball python grabs you. The ball python constricts you.
The frilled lizard bites you but does no damage.
The hobgoblin hits you.
You hit the hobgoblin but do no damage.
You hit the ball python but do no damage.
You hit the frilled lizard.
You kill the frilled lizard!
Trog accepts your kill.
The ball python bites you but does no damage.
The ball python constricts you. The hobgoblin hits you.
You hit the hobgoblin.
The hobgoblin is moderately wounded.
You hit the ball python. The ball python bites you.
The ball python constricts you. The hobgoblin hits you.
* * * LOW HITPOINT WARNING * * *
The ball python closely misses you. The ball python constricts you.
You closely miss the hobgoblin.
The hobgoblin is moderately wounded.
You hit the ball python.
You kill the ball python!
Trog accepts your kill. The hobgoblin misses you.
Unknown command.
You hit the hobgoblin.
The hobgoblin is heavily wounded.
The hobgoblin hits you.
You die...

........## ........##
#......[> .. #
#......# ##...
..####......# ...>.
............#####.....
..##..................
....|.g@.............
......###.........#
..... ##.......# .#
.... #.......# .# ...
##.......## #.# .#
###.........###...
..................
...................
....................


You could see a hobgoblin.

Vanquished Creatures
  A ball python (D:1)
  2 frilled lizards (D:1)
3 creatures vanquished.

Notes
Turn   | Place    | Note
-------+----------+-------------------------------------------
     0 | D:1      | Curundu the Human Berserker began the quest for the Orb.
     0 | D:1      | Reached XP level 1. HP: 18/18 MP: 1/1
    48 | D:1      | Slain by a hobgoblin

Illustrated notes

Levels and vault maps discovered:
D:1:      minmay_arrival_four_circles, layout_rooms, serial_shops,
          nicolae_shop_tiny_statue_garden, shop, shop, nicolae_shop_tiny_glass,
          shop, nicolae_figureground_sparkle

Action                     || total
---------------------------++-------
  Melee: Hand axe          ||    13
 Armour: Animal skin       ||    12
  Dodge: Dodged            ||     7
